 Dungeon Crawl Stone Soup version 0.28.0-43-g3370ac3207 (webtiles) character file.

Game seed: 8111858262286397796

272 RepoMan the Sneak (level 6, -1/29 HPs)
             Began as a Spriggan Artificer on Mar 8, 2022.
             Frozen to death by an endoplasm (5 damage)
             ... in a sewer.
             The game lasted 00:28:21 (3881 turns).

RepoMan the Sneak (Spriggan Artificer)              Turns: 3881, Time: 00:28:21

Health: -1/29      AC:  2    Str:  8    XL:     6   Next: 2%
Magic:  7/7        EV: 19    Int: 13    God:
Gold:   68         SH:  0    Dex: 17    Spells: 5/5 levels left

rFire   . . .      SeeInvis +   g - +0 dagger
rCold   . . .      Faith    .   (no shield)
rNeg    + . .      Spirit   .   b - +0 robe
rPois   .          Reflect  .   (helmet restricted)
rElec   .          Harm     .   (no cloak)
rCorr   +          Rampage  .   (gloves unavailable)
Will    +....                   (boots unavailable)
Stlth   +++.......              (no amulet)
HPRegen 0.09/turn               i - ring of resist corrosion
MPRegen 0.10/turn               a - ring of positive energy

@: very quick
A: very small, no large weapons, unfitting armour, see invisible, speed 3
a: no special abilities


You were in a sewer.
You visited 1 branch of the dungeon, and saw 6 of its levels.
You also visited: Sewer.

You collected 148 gold pieces.
You spent 80 gold pieces at shops.

Inventory:

Hand Weapons
 g - a +0 dagger (weapon)
 k - a +0 short sword
Armour
 b - a +0 robe (worn)
Jewellery
 a - a ring of positive energy (right hand)
 i - a ring of resist corrosion (left hand)
 l - a ring of ice
Wands
 c - a wand of flame (7) (quivered)
 m - a wand of polymorph (7)
Scrolls
 j - 3 scrolls of identify
 r - a scroll of blinking {unknown}
 s - a scroll of summoning {unknown}
Potions
 h - 2 potions of degeneration
 n - a potion of mutation {unknown}
 o - a potion of brilliance {unknown}
 p - a potion of flight {unknown}
 q - 2 potions of heal wounds {unknown}
Miscellaneous
 e - a piece from Xom's chessboard (8/15)


   Skills:
 - Level 0.9 Fighting
 + Level 2.7 Short Blades
 + Level 4.7 Dodging
 * Level 6.4 Stealth
 + Level 4.8 Evocations


You had 5 spell levels left.
You didn't know any spells.
Your spell library was empty.

Dungeon Overview and Level Annotations

Branches:
Dungeon (6/15)              Sewer (1/1)
 Temple: D:4-7

Altars:
Okawaru

Shops:
D:2 *   D:5 *


Innate Abilities, Weirdness & Mutations

You are very small and have problems with some larger weapons.
You are too small for most types of armour.
You have supernaturally acute eyesight. (SInv)
You cover ground extremely quickly. (Speed+++)


Message History

The ball python grabs you. The ball python constricts you.
Unknown command.
You escape the ball python's grasp.
The bullfrog completely misses you.
Unknown command.
Unknown command.
Okay, then.
Unknown command.
Unknown command.
Okay, then.
Unknown command.
Unknown command.
Unknown command.
The bullfrog closely misses you. The ball python bites you.
* * * LOW HITPOINT WARNING * * *
The ball python closely misses you.
Unknown command.
As you read the scroll labelled FAOCKI ACAU, it crumbles to dust.
It is a scroll of identify.
f - a scroll of teleportation
Okay, then.
Unknown command.
Unknown command.
Okay, then.
Unknown command.
Unknown command.
As you read the scroll of teleportation, it crumbles to dust.
You feel strangely unstable. The bullfrog completely misses you.
The bullfrog barely misses you.
You make a move on Xom's chessboard...
The bullfrog resists with significant effort.
Your surroundings suddenly seem different.
Unknown command.
As you read the scroll of identify, it crumbles to dust.
h - 2 potions of degeneration The ball python completely misses you.
The ball python barely misses you. The ball python closely misses you.
The ball python barely misses you. The endoplasm freezes you.
You are frozen.
You die...

≈≈≈≈≈≈≈≈≈≈≈▒.▒▒▒
≈≈..≈≈≈≈≈≈≈....▒▒
≈▒≈≈▒≈J≈J≈≈≈...†▒
≈≈≈≈≈≈≈≈≈≈≈.....▒
≈≈≈≈≈≈≈≈≈≈≈.†.†.▒▒
≈≈≈≈≈≈≈≈≈≈≈......▒
▒▒▒▒▒▒▒▒▒▒▒▒▒....▒
▒▒...▒▒ ▒..@.▒
+.SJ.▒ ▒▒F.l▒
▒▒...▒▒
▒▒▒▒▒▒▒▒▒▒▒▒▒...S▒
≈≈≈▒≈▒≈≈≈≈≈..FS..▒
≈≈≈.≈≈≈≈≈†≈.††..▒▒
≈≈≈..≈≈≈≈≈≈.....▒
≈≈≈≈.≈≈≈≈≈≈≈....▒


You could see 2 bullfrogs, an endoplasm, 3 ball pythons and a frilled lizard.

Vanquished Creatures
  An ogre (D:5)
  An adder (Sewer)
  3 gnolls
  2 river rats (Sewer)
  A worm (D:3)
  2 bats
  4 endoplasms
  3 giant cockroaches
  4 goblins
  3 hobgoblins
  7 quokkas
  3 ball pythons
  3 kobolds
  11 rats
48 creatures vanquished.

Vanquished Creatures (collateral kills)
  4 gnolls
  2 adders (Sewer)
  A river rat (Sewer)
  An endoplasm (D:2)
  A goblin (D:1)
  A hobgoblin (D:1)
  6 ball pythons (Sewer)
  2 frilled lizards
  9 rats (Sewer)
27 creatures vanquished.

Vanquished Creatures (others)
  A gnoll (D:2)
  A river rat (Sewer)
  3 adders
  A hobgoblin (D:1)
6 creatures vanquished.

Grand Total: 81 creatures vanquished

Notes
Turn   | Place    | Note
-------+----------+-------------------------------------------
     0 | D:1      | RepoMan the Spriggan Artificer began the quest for the Orb.
     0 | D:1      | Reached XP level 1. HP: 9/9 MP: 2/2
    92 | D:1      | Reached skill level 2 in Stealth
   494 | D:1      | Reached XP level 2. HP: 14/14 MP: 3/3
   857 | D:1      | Reached skill level 3 in Stealth
   989 | D:1      | Reached skill level 1 in Short Blades
  1437 | D:2      | Reached XP level 3. HP: 17/17 MP: 4/4
  1455 | D:2      | Reached skill level 4 in Stealth
  2259 | D:2      | Found Kicaugio's Assorted Antiques.
  2264 | D:2      | Bought a curved silver wand for 80 gold pieces
  2730 | D:3      | You fall into a shaft and drop 3 floors!
  2733 | D:5      | Entered Level 5 of the Dungeon
  2744 | D:5      | Noticed a scorpion
  2761 | D:5      | Noticed a phantom
  2824 | D:5      | Found Sohyll's Assorted Antiques.
  2886 | D:5      | Noticed an ogre
  2888 | D:5      | Noticed a centaur
  2929 | D:5      | Reached XP level 4. HP: 21/21 MP: 5/5
  2984 | D:5      | Killed an ogre
  2985 | D:5      | Reached skill level 5 in Stealth
  2985 | D:5      | Reached XP level 5. HP: 21/25 MP: 6/6
  3221 | D:5      | Found an iron altar of Okawaru.
  3291 | D:4      | Found a glowing drain.
  3352 | Sewer    | Entered a sewer
  3492 | Sewer    | Reached skill level 6 in Stealth
  3849 | Sewer    | Reached XP level 6. HP: 23/29 MP: 7/7
  3881 | Sewer    | Frozen to death by an endoplasm

Illustrated notes

Levels and vault maps discovered:
D:1:      shiori_shiawase, layout_basic, st_stairs_14, kennysheep_pointless_box
D:2:      layout_loops_ring, serial_shops, shop
D:3:      layout_loops_cross, nicolae_ecumenical_lake_church, uniq_natasha
D:4:      layout_loops_ring, gup_sewer_entry_pipe, serial_shops, shop,
          nrook_campfire, item_on_display_a
D:5:      layout_loops_ring, okawaru_trees_2, serial_shops, shop
D:6:      kennysheep_spiral_hall, layout_basic, mrwooster_statue_mirror,
          minmay_misc_feat_pillars, uniq_crazy_yiuf_cottage
Sewer:    sewer_minmay_w

Skill      XL: |  1  2  3  4  5 |
---------------+----------------+-----
Stealth        | 2 3 4 5 6 |  6.4
Short Blades   | 1 2 |  2.7
Dodging        | 4 |  4.7
Fighting       | |  0.9
Evocations     | |  4.8

Action                   |  1- 3 |  4- 6 || total
-------------------------+-------+-------++-------
Melee: Dagger            |    98 |    89 ||   187
       Club              |     3 |       ||     3
       Punch             |     3 |       ||     3
Throw: Dart              |     5 |       ||     5
Evoke: Wand              |    19 |    23 ||    42
       Piece from Xom's  |     3 |    14 ||    17
  Use: Scroll            |       |     3 ||     3
 Stab: Sleeping          |     8 |     2 ||    10
       Paralysed         |     1 |     1 ||     2
       Petrified         |       |     1 ||     1
Armor: Robe              |     9 |    12 ||    21
Dodge: Dodged            |    80 |   115 ||   195
